[Event "FIDE WSTC Open 50 2025"]
[Site "Prague"]
[Date "2025.02.25"]
[Round "8.32"]
[White "Findlay, Ian T."]
[Black "Kindt, Manfred"]
[Result "1-0"]
[Annotator "TA"]
[ECO "C68"]
[WhiteElo "2089"]
[BlackElo "2049"]
[PlyCount "81"]
[EventDate "2025.02.17"]
[EventType "team-tourn"]
[EventCountry "CZE"]
[SourceTitle "playchess.com"]
[Source "ChessBase"]
[SourceQuality "1"]
[TimeControl "40/5400+30:1800+30"]

1. e4 e5 2. Nf3 Nc6 3. Bb5 a6 4. Bxc6 dxc6 5. O-O Qf6 6. d4 {[%emt 0:01:34] C68: Ruy Lopez: Exchange Variation, sidelines.} exd4 7. Bg5 Qd6 8. Qxd4 {[%emt 0:00:41] White is slightly better.} Qxd4 9. Nxd4 Bd7 10. Nd2 Ne7 11. N2b3 (11. Ne2 $11) 11... b6 $15 12. a4 $146 ({Predecessor:} 12. Rfe1 O-O-O 13. Rad1 Re8 14. f3 c5 15. Ne2 Ng6 16. Nd2 f6 17. Be3 Ne5 18. Nc3 {½-½ Martinez Duany,L (2526)-Ladron de Guevara Pinto,P (2431) Iberoamerican-ch 7th 2019 (3)}) 12... c5 13. Ne2 f6 14. Bf4 O-O-O 15. Nc3 Be6 16. a5 {[%emt 0:03:02] [#]} Ng6 17. Be3 {[%emt 0:07:50] and axb6 should not be overlooked} Kb7 18. f4 f5 (18... Bd6 $15) 19. Nd2 Ne7 $1 20. Nf3 g6 21. Rfe1 Bg7 ({Black should play} 21... Nc6 $15) 22. axb6 $14 Bxc3 (22... cxb6 $14 23. Bxc5 Nc6 (23... bxc5 24. exf5 Bxf5 25. Rxe7+ Rd7 26. Re2 $16)) 23. bxc7 $16 {[%emt 0:06:24][%csl Oc7] White has a strong passed pawn} Rde8 {[%emt 0:00:39][%mdl 8192] [#] A mistake that costs the game.} (23... Bxe1 $16 {was worth a try.} 24. cxd8=N+ (24. cxd8=R Rxd8 25. Rxe1 fxe4 $18) 24... Rxd8) 24. bxc3 $18 fxe4 {[%emt 0:02:15] Black is weak on the dark squares} 25. Ng5 ({Don't take} 25. Bxc5 exf3 26. Rxe6 Nd5 $18) 25... Bc4 26. Nxe4 Nf5 {[%emt 0:01:47][%cal Be7f5,Bf5h4,Bh4g2][%mdl 32] Repels Nd6+} 27. Bxc5 Kxc7 (27... Re6 $142 28. Nd2 Rc6) 28. g4 Nh4 29. Kf2 {[%emt 0:00:12] White is clearly winning. Prevents Nf3} h5 30. h3 hxg4 31. hxg4 Kc6 32. Bd4 {[%emt 0:00:34] Dodges Ng2} Rhf8 33. Kg3 Ng2 34. Kxg2 Rxf4 35. Nf6 Rf8 36. g5 Rf5 37. Re5 Rxe5 38. Bxe5 Ra8 39. Ra4 Bb5 40. Rd4 a5 41. c4 {[%emt 0:31:26] Weighted Error Value: White=0.21 (precise) /Black=0.45  Loses game:     	---       	Black=1      Mistake:       	White=1     	Black=4      Inaccurate:     	White=3     	Black=1      OK:         	White=17    	Black=12     Best:        	White=1     	Black=1      Strong:       	---       	Black=1} 1-0

[Event "FIDE WSTC Open 50 2025"]
[Site "Prague"]
[Date "2025.02.25"]
[Round "8.33"]
[White "Titscher, Libor"]
[Black "Lesiege, Alexandre"]
[Result "0-1"]
[Annotator "TA"]
[ECO "A22"]
[WhiteElo "2147"]
[BlackElo "2504"]
[PlyCount "50"]
[EventDate "2025.02.17"]
[EventType "team-tourn"]
[EventCountry "CZE"]
[SourceTitle "playchess.com"]
[Source "ChessBase"]
[SourceQuality "1"]
[TimeControl "40/5400+30:1800+30"]

1. c4 e5 2. Nc3 Nf6 3. g3 Bb4 4. Bg2 O-O 5. e4 Bxc3 6. dxc3 d6 7. Ne2 a5 $1 {[%emt 0:01:54][%mdl 4] now scores much better than the old 7...Be6. A22: English Opening: 1...e5 2 Nc3 Nf6.} 8. a4 Na6 9. O-O Nc5 {[%emt 0:01:33] The position is equal.} 10. Bg5 h6 (10... Ncxe4 $2 11. Bxe4 Bh3 12. Bg2 (12. Bxb7 Bxf1 13. Qxf1 Rb8 $18) 12... Bxg2 13. Kxg2 $18) 11. Bxf6 Qxf6 12. b3 $146 (12. Nc1 Qg6 13. f3 Be6 14. b3 Rfd8 15. Nd3 h5 16. Nxc5 dxc5 17. Qe2 h4 18. g4 {0-1 Fernandez,J-Malbran,G (2350) San Isidoro op 1993 (5)}) 12... Qg6 13. f3 b6 ({Black should try} 13... Be6 $17 14. Rf2 b6) 14. Nc1 Qg5 15. Qe2 Bb7 16. Rb1 Qh5 {[%emt 0:05:05] Black has more active pieces.} 17. Rb2 f5 18. exf5 Qxf5 (18... Rxf5 $2 {too greedy.} 19. g4 Qg5 20. gxf5 $18) 19. Qd1 Rf7 20. f4 (20. b4 $142 Ne6 21. Nb3) 20... Bxg2 $17 21. Rxg2 Raf8 22. g4 Qe4 23. Re2 {[%emt 0:01:55] [#] Prevents Qe3+.} (23. f5 {was the only defense.}) 23... Qg6 $19 {[%emt 0:00:52] Black is winning.} 24. Qd5 Qxg4+ 25. Rg2 Qe6 {[%emt 0:00:19] Weighted Error Value: White=0.31/Black=0.09 (flawless)   Mistake:       	White=2     	Black=1      Inaccurate:     	White=5     	---        OK:         	White=6     	Black=10     Best:        	---       	Black=1} 0-1

[Event "FIDE WSTC Open 50 2025"]
[Site "Prague"]
[Date "2025.02.25"]
[Round "8.34"]
[White "Duong, Thanh Nha"]
[Black "Schulenburg, Bernd"]
[Result "1-0"]
[Annotator "TA"]
[ECO "A05"]
[WhiteElo "2168"]
[BlackElo "2144"]
[PlyCount "39"]
[EventDate "2025.02.17"]
[EventType "team-tourn"]
[EventCountry "CZE"]
[SourceTitle "playchess.com"]
[Source "ChessBase"]
[SourceQuality "1"]
[TimeControl "40/5400+30:1800+30"]

1. Nf3 Nf6 2. c4 e6 3. g3 d5 4. d4 Bb4+ 5. Bd2 Be7 6. Bg2 O-O 7. Qc2 Nbd7 8. O-O c6 9. a4 {[%emt 0:05:15] E11: Bogo-Indian.} a5 10. b3 b6 11. Rc1 {[%emt 0:07:38] The position is equal.} Ba6 12. cxd5 $146 (12. Na3 Rc8 13. Bf4 Bb4 14. Ne5 Nxe5 15. Bxe5 Ng4 16. Bf4 g5 17. Be3 Nxe3 18. fxe3 {0-1 Kusa,J (2340)-Gagare,S (2480) Pardubice Czech op-A 34th 2023 (8)}) 12... Nxd5 13. e4 (13. Qxc6 $2 Rc8 $19 (13... Bxe2 14. Qc2 $15)) 13... Nb4 14. Bxb4 Bxb4 15. Nbd2 Rc8 16. Nc4 b5 17. Ne3 bxa4 18. Rxa4 {[%emt 0:07:02] [#]} (18. bxa4 $11 Nb6 19. Rd1) 18... e5 19. dxe5 {[%emt 0:03:10] White is more active.} Nc5 $2 {[%emt 0:03:55][%mdl 8192] [#]} ({Black should play} 19... Bb5 $14) 20. Rxb4 $1 {[%emt 0:00:39][%mdl 512] Weighted Error Value: White=0.17 (very precise) /Black=0.72  Loses game:     	---       	Black=1      Mistake:       	White=1     	Black=1      Inaccurate:     	White=1     	Black=1      OK:         	White=4     	Black=6      Brilliant:      	White=1     	---} 1-0

[Event "FIDE WSTC Open 50 2025"]
[Site "Prague"]
[Date "2025.02.25"]
[Round "8.35"]
[White "Berndt, Matthias"]
[Black "Pineault, Denis"]
[Result "1/2-1/2"]
[Annotator "TA"]
[ECO "B20"]
[WhiteElo "2072"]
[BlackElo "2270"]
[PlyCount "62"]
[EventDate "2025.02.17"]
[EventType "team-tourn"]
[EventCountry "CZE"]
[SourceTitle "playchess.com"]
[Source "ChessBase"]
[SourceQuality "1"]
[TimeControl "40/5400+30:1800+30"]

1. e4 c5 2. d3 Nc6 3. g3 g6 4. Bg2 Bg7 5. Nf3 d6 6. O-O Rb8 7. a4 {[%emt 0:02:46] A04: Unusual lines after 1 Nf3 and King's Indian Attack.} a6 8. Nbd2 b5 9. axb5 {[%emt 0:00:48] White has an edge.} axb5 10. Re1 e6 (10... e5 $11) 11. Nf1 ({White should play} 11. e5 $1 $14) 11... Nge7 12. c3 b4 13. d4 bxc3 14. bxc3 cxd4 $146 ({Predecessor:} 14... O-O 15. Ba3 cxd4 16. cxd4 Qc7 17. Rc1 Ra8 18. Qb3 Qd7 19. e5 d5 20. Ne3 Ba6 {0-1 Birkin,M (1945)-Hera,I (2618) Llucmajor op 6th 2017 (1)}) 15. cxd4 O-O 16. Bf4 e5 17. dxe5 dxe5 18. Bg5 h6 {[%emt 0:01:32] The position is symmetric and equal} 19. Be3 Be6 20. Qc1 Kh7 21. Rd1 Nd4 22. Bxd4 exd4 23. e5 Rc8 24. Qf4 Nc6 25. Nxd4 Nxd4 26. Rxd4 Qc7 27. Re1 Rfe8 28. Rd3 h5 29. Qd4 Red8 30. Qe3 Rxd3 31. Qxd3 Bxe5 {[%emt 0:00:13] Weighted Error Value: White=0.09 (flawless) /Black=0.13 (very precise)   Mistake:       	White=1     	Black=1      Inaccurate:     	White=2     	Black=2      OK:         	White=10    	Black=7} 1/2-1/2